AoeStats
← KDA HDT

Oasis

507472680Analyzed
4v4 RM · 15d ago on Sep 18, 2026· 44m 40s· 8 players
Game mode
Random Map
Map size
Large (8 player)
Population
200
Speed
Normal
Resources
Standard
Victory
Conquest
Starting age
Dark Age
Ending age
Imperial Age
RankedLock teamsTeams togetherTeam positionsShared explorationLock speedFull tech treeHidden civsTurbo modeCheats
Victory
Defeat
🇻🇳 Bohemians · Vietnam
1926
+10
🇺🇸 Franks · United States
1852
+13
🇻🇳 Magyars · Vietnam
1780
+16
🇻🇳 Goths · Vietnam
1711
+17
🇨🇭 Khmer · Switzerland
1815
-16
🇫🇷 Aztecs · France
1784
-14
🇨🇳 Burmese · China
1777
-14
🇬🇧 Persians · United Kingdom
1730
-12
< blank >
5:52 Loom
8:49 Feudal Age
17:21 Bloodlines
23:24 Castle Age
21:43 Scale Barding Armor
21:44 Horse Collar
22:11 Gold Mining
23:13 Forging
24:08 Husbandry
24:44 Chain Barding Armor
33:35 Wheelbarrow
35:03 Gold Shaft Mining
41:15 Imperial Age
39:52 Iron Casting
39:11 Stone Mining
39:43 Hand Cart
42:43 Plate Barding Armor
43:06 Pikeman
43:47 Squires
43:49 Scale Mail Armor
44:58 Chain Mail Armor
45:44 Blast Furnace
JustAGecko
6:50 Loom
8:49 Feudal Age
10:29 Feudal Age
14:24 Castle Age
12:54 Double-Bit Axe
13:13 Horse Collar
18:50 Bow Saw
20:36 Wheelbarrow
21:34 Heavy Plow
23:37 Hand Cart
25:36 Gold Mining
28:10 Gold Shaft Mining
30:37 Imperial Age
28:34 Scale Barding Armor
28:40 Forging
28:42 Bloodlines
28:33 Husbandry
28:34 Stone Mining
30:15 Chain Barding Armor
30:52 Iron Casting
30:21 Elite War Elephant
31:44 Plate Barding Armor
32:19 Iron Casting
31:38 Fletching
32:43 Crop Rotation
33:20 Two-Man Saw
32:57 Plate Barding Armor
32:18 Fletching
33:07 Ballistics
34:20 Blast Furnace
35:25 Bodkin Arrow
36:03 Coinage
38:10 Chemistry
39:22 Conscription
39:14 Citadels
40:13 Town Watch
40:46 Caravan
Frytok
3:00 Loom
9:13 Feudal Age
14:37 Double-Bit Axe
15:43 Fletching
22:54 Castle Age
21:28 Padded Archer Armor
21:14 Horse Collar
23:34 Bodkin Arrow
23:13 Crossbowman
24:34 Bow Saw
25:14 Ballistics
28:36 Leather Archer Armor
29:31 Gold Mining
38:09 Wheelbarrow
42:23 Imperial Age
42:17 Hand Cart
43:01 Fortified Wall
43:02 Masonry
Doner Kebab épicé
5:04 Loom
11:05 Feudal Age
17:34 Castle Age
15:51 Double-Bit Axe
18:40 Bow Saw
20:45 Horse Collar
26:04 Sanctity
27:09 Redemption
31:10 Wheelbarrow
30:41 Heavy Plow
30:36 Gold Mining
34:38 Imperial Age
33:17 Fortified Wall
33:46 Atonement
33:56 Fervor
35:01 Gold Shaft Mining
34:17 Stone Mining
34:29 Devotion
34:42 Town Watch
35:12 Hand Cart
35:38 Block Printing
35:21 Herbal Medicine
36:01 Theocracy
35:52 Illumination
39:16 Faith
40:49 Heresy
41:17 Conscription
KDA HDT
6:44 Loom
8:54 Feudal Age
9:37 Double-Bit Axe
9:43 Horse Collar
14:07 Scale Barding Armor
16:55 Bloodlines
17:55 Wheelbarrow
21:15 Castle Age
20:09 Gold Mining
22:19 Chain Barding Armor
22:57 Husbandry
23:54 Bow Saw
33:49 Gold Shaft Mining
37:25 Imperial Age
37:17 Scale Mail Armor
36:38 Pikeman
37:50 Caravan
38:06 Hand Cart
37:39 Cavalier
40:21 Plate Barding Armor
40:12 Conscription
40:52 Paladin
42:09 Elite Magyar Huszar
42:50 Corvinian Army
NaiLiu
6:05 Loom
8:52 Feudal Age
8:55 Man-at-Arms
14:32 Fletching
15:52 Double-Bit Axe
22:41 Castle Age
21:19 Gold Mining
22:44 Crossbowman
23:20 Bodkin Arrow
24:19 Padded Archer Armor
24:41 Town Watch
25:51 Ballistics
31:00 Bow Saw
32:17 Wheelbarrow
32:22 Wheelbarrow
35:26 Gold Shaft Mining
40:38 Imperial Age
39:05 Scale Mail Armor
38:55 Pikeman
39:35 Squires
40:45 Caravan
41:05 Hand Cart
41:21 Chain Mail Armor
41:16 Forging
40:54 Gambesons
40:55 Arson
40:42 Halberdier
42:56 Plate Mail Armor
43:21 Capped Ram
45:29 Iron Casting
45:16 Conscription
Mr.Bean
6:49 Loom
9:05 Feudal Age
9:27 Man-at-Arms
12:51 Fletching
20:54 Castle Age
19:03 Double-Bit Axe
19:34 Horse Collar
21:47 Bow Saw
21:37 Heavy Plow
21:38 Town Watch
22:29 Wheelbarrow
26:15 Fervor
32:49 Imperial Age
30:43 Bodkin Arrow
31:06 Hand Cart
32:22 Chemistry
32:55 Wagenburg Tactics
34:08 Conscription
35:41 Siege Engineers
35:34 Houfnice
36:53 Padded Archer Armor
37:14 Ballistics
37:05 Masonry
36:36 Treadmill Crane
37:42 Squires
37:02 Pikeman
37:43 Scale Mail Armor
37:55 Forging
38:41 Chain Mail Armor
37:59 Halberdier
38:25 Arson
38:56 Guard Tower
38:52 Arrowslits
39:38 Architecture
40:46 Plate Mail Armor
40:52 Iron Casting
41:27 Coinage
41:06 Bodkin Arrow
43:29 Banking
42:59 Caravan
44:41 Keep
45:13 Blast Furnace
44:17 Bracer
DL-ĐệNhị
2:41 Loom
8:34 Feudal Age
9:38 Double-Bit Axe
10:35 Horse Collar
13:40 Wheelbarrow
18:54 Castle Age
16:49 Gold Mining
17:01 Stone Mining
19:55 Bow Saw
19:47 Heavy Plow
22:05 Hand Cart
31:12 Imperial Age
29:33 Squires
28:54 Pikeman
29:36 Scale Mail Armor
29:48 Forging
30:37 Chain Mail Armor
31:18 Anarchy
31:23 Halberdier
32:14 Perfusion
33:15 Iron Casting
33:26 Conscription
33:00 Elite Huskarl
36:42 Blast Furnace
35:33 Fletching
35:44 Padded Archer Armor
38:03 Crop Rotation
38:33 Two-Man Saw
38:06 Coinage
38:53 Banking
41:04 Stone Shaft Mining
42:54 Caravan
Connection lost

Rejoining the realm…

Still unreachable

The connection could not be restored.

Session expired

The server has moved on; the page needs a fresh start.